 Dungeon Crawl Stone Soup version 0.28-a0-79-g444c7a33f5 (webtiles) character file.

Game seed: 4165522475844169150

100 ipx the Chiller (level 4, -3/24 HPs)
             Began as a Deep Elf Ice Elementalist on Aug 2, 2021.
             Killed from afar by a dart slug (4 damage)
             ... with a slug dart
             ... on level 3 of the Dungeon.
             The game lasted 00:14:26 (1062 turns).

ipx the Chiller (Deep Elf Ice Elementalist)         Turns: 1062, Time: 00:14:26

Health: -3/24      AC:  4    Str:  5    XL:     4   Next: 47%
Magic:  9/10       EV: 12    Int: 21    God:
Gold:   106        SH:  0    Dex: 15    Spells: 2/9 levels left

rFire   . . .      SeeInvis .   a - +1 whip (elec)
rCold   . . .      Faith    .   (no shield)
rNeg    . . .      Spirit   .   h - +0 robe
rPois   .          Reflect  .   g - +1 helmet
rElec   .          Harm     .   (no cloak)
rCorr   .          Rampage  .   (no gloves)
Will    +....                   (no boots)
Stlth   +.........              (no amulet)
HPRegen 0.08/turn               m - ring of willpower
MPRegen 0.12/turn               (no ring)

@: very slow
A: no striking features
a: no special abilities


You were on level 3 of the Dungeon.
You visited 1 branch of the dungeon, and saw 3 of its levels.

You collected 106 gold pieces.

Inventory:

Hand Weapons
 a - a +1 whip of electrocution (weapon)
 q - a +0 dagger of electrocution
Armour
 g - a +1 helmet (worn)
 h - a +0 robe (worn)
Jewellery
 m - a ring of willpower (left hand)
Scrolls
 b - 4 scrolls of teleportation {unknown}
 d - 2 scrolls of enchant armour {unknown}
 e - 2 scrolls of identify {unknown}
 i - a scroll of fog {unknown}
Potions
 c - a potion of brilliance {unknown}
 f - a potion of heal wounds {unknown}
 j - a potion of flight {unknown}
 k - a potion of attraction {unknown}


   Skills:
 - Level 2.4 Dodging
 - Level 2.4 Stealth
 - Level 3.0 Spellcasting
 + Level 6.5 Ice Magic


You had 2 spell levels left.
You knew the following spells:

 Your Spells              Type           Power      Damage    Failure   Level
o - Ozocubu's Armour      Ice            30%        N/A       2%          3
r - Frozen Ramparts       Ice            60%        1d8       2%          3
z - Freeze                Ice            100%       1d11      1%          1

Your spell library contained the following spells:

 Spells                   Type           Power      Damage    Failure   Level
 Blink                    Tloc           N/A        N/A       21%         2
 Hailstorm                Conj/Ice       16%        3d6       34%         4
 Lesser Beckoning         Tloc           1%         N/A       36%         3
 Manifold Assault         Tloc           3%         N/A       98%         5


Dungeon Overview and Level Annotations

Branches:
Dungeon (3/15)

Altars:
Qazlal


Message History

You barely miss the jackal. The jackal misses you.
You hit the jackal.
The jackal is almost dead.
The jackal bites you but does no damage. x2
You hit the jackal.
You kill the jackal!
The dart slug launches a dart at you. The slug dart misses you.
The dart slug launches a dart at you. The slug dart misses you.
The dart slug launches a dart at you. The slug dart hits you.
Your icy armour will break if you move.
Continue?
Your icy armour cracks and falls away as you move.
There is a stone staircase leading up here.
The dart slug launches a dart at you. The slug dart misses you.
There is a fountain of clear blue water here.
The dart slug launches a dart at you. The slug dart misses you.
You see here a scroll labelled USEWIZXUACA.
e - 2 scrolls labelled USEWIZXUACA (gained 1)
The dart slug launches a dart at you. The slug dart misses you.
You see here a coppery potion.
k - a coppery potion The dart slug launches a dart at you.
The slug dart hits you.
* * * LOW HITPOINT WARNING * * *
You enter the shallow water.
Moving in this stuff is going to be slow.
The dart slug launches a dart at you. The slug dart hits you.
* * * LOW HITPOINT WARNING * * *
The dart slug launches a dart at you. The slug dart hits you.
* * * LOW HITPOINT WARNING * * *
The dart slug launches a dart at you. The slug dart hits you.
You die...

.....##.....# ##†##†....#.#
.#
###..###..######.###......#
.# #..##≈≈.≈≈##.#.#
##.........# .
....≈≈≈≈≈≈≈....# ###.#.....
.###≈≈≈≈≈≈#≈≈#≈#.##
#....##.
..#≈≈≈≈≈≈≈≈≈≈≈≈≈..###
#.##.# #.≈≈≈##≈≈#≈#≈≈≈..w.#
#.# .#
##≈≈≈≈≈≈≈≈#≈≈≈≈≈≈...###.
#≈≈≈≈≈≈#≈≈≈≈≈.≈≈@≈......
#≈≈≈.⌠.≈.[w≈≈≈.≈#≈......
..≈≈.†...<...⌠.≈≈.........
.≈≈#≈.#≈..)≈#..≈≈≈......##
.≈≈≈≈#≈≈≈≈≈≈≈≈≈≈≈≈#.....#
#.≈≈≈≈≈≈≈≈≈≈≈≈≈≈≈####.#.#
#..≈≈≈≈≈≈≈≈≈#≈≈≈... ...
#.#≈≈≈≈≈≈w≈≈#≈≈≈.... ..
#.##≈≈≈≈≈≈≈≈≈w≈.....#


You could see 3 dart slugs.

Vanquished Creatures
  Jessica (D:2)
  Robin (D:2)
  A worm (D:2)
  5 dart slugs (D:3)
  An orc (D:3)
  8 ball pythons
  2 endoplasms (D:2)
  12 goblins (D:2)
  3 hobgoblins
  5 jackals
  A quokka (D:3)
  2 frilled lizards (D:1)
  4 kobolds
  2 rats
48 creatures vanquished.

Vanquished Creatures (others)
  8 fungi (D:3)
  6 plants (D:3)
14 creatures vanquished.

Grand Total: 62 creatures vanquished

Notes
Turn   | Place    | Note
-------+----------+-------------------------------------------
     0 | D:1      | ipx the Deep Elf Ice Elementalist began the quest for the
                  | Orb.
     0 | D:1      | Reached XP level 1. HP: 10/10 MP: 6/6
   187 | D:1      | Reached XP level 2. HP: 15/15 MP: 6/8
   429 | D:2      | Reached skill level 5 in Ice Magic
   599 | D:2      | Noticed Jessica
   607 | D:2      | Killed Jessica
   608 | D:2      | Reached XP level 3. HP: 6/19 MP: 5/9
   620 | D:2      | Learned a level 3 spell: Frozen Ramparts
   624 | D:2      | Learned a level 3 spell: Ozocubu's Armour
   662 | D:2      | Reached skill level 6 in Ice Magic
   664 | D:2      | Found a stormy altar of Qazlal.
   716 | D:2      | Noticed Robin
   724 | D:2      | Killed Robin
   725 | D:2      | Reached XP level 4. HP: 16/24 MP: 1/10
  1061 | D:3      | HP: 1/24 [dart slug/slug dart (3)]
  1062 | D:3      | Killed from afar by a dart slug

Illustrated notes

Levels and vault maps discovered:
D:1:      giann_bridges, layout_basic, minmay_tree_intersection,
          amcnicky_mini_corridor_feature
D:2:      layout_basic, basic_altar, st_stairs_8, minmay_octomino_c4,
          uniq_jessica, uniq_robin
D:3:      kennysheep_slugbush, layout_loops_ring,
          shapermc_ecumenical_altar_mp_urbaneastern, kennysheep_donut,
          uniq_terence, uniq_sigmund

Skill      XL: |  1  2  3 |
---------------+----------+-----
Ice Magic      | 5 6 |  6.5
Dodging        | |  2.4
Stealth        | |  2.4
Spellcasting   | |  3.0

Action                   |  1- 3 |  4- 6 || total
-------------------------+-------+-------++-------
Melee: Whip              |       |    11 ||    11
       Dagger            |       |     2 ||     2
 Cast: Freeze            |    37 |     6 ||    43
       Frozen Ramparts   |     2 |     3 ||     5
       Ozocubu's Armour  |     1 |     3 ||     4
Armor: Robe              |     2 |    10 ||    12
Dodge: Dodged            |    18 |    20 ||    38

Table legend: (Time is in decaauts)
 A = Elapsed time spent in this place.
 B = Non-inter-level travel time spent in this place.
 C = Inter-level travel time spent in this place.
 D = Time resting spent in this place.
 E = Time spent auto-exploring this place.
 F = Levels seen in this place.
 G = Mean time per level.
                   A        B        C        D        E       F      G
               +--------+--------+--------+--------+--------+-----+--------+
         Total |   1100 |   1089 |     11 |      0 |      0 |   3 |  366.7 |
       Dungeon |   1100 |   1089 |     11 |      0 |      0 |   3 |  366.7 |
               +--------+--------+--------+--------+--------+-----+--------+

Top non-repeatable levels by time:
     D:2: 586 daAuts
     D:1: 325 daAuts
     D:3: 188 daAuts
